 Dungeon Crawl Stone Soup version 0.18-a0-1523-gbe15c29 (webtiles) character file.

176 Banto the Slasher (level 5, 0/42 HPs)
             Began as a Demigod Wanderer on Mar 7, 2016.
             Slain by an orc wizard
             ... wielding a +0 dagger of speed
              (3 damage)
             ... on level 3 of the Dungeon.
             The game lasted 00:02:33 (2606 turns).

Banto the Slasher (Demigod Wanderer)                Turns: 2606, Time: 00:02:33

Health: 0/42       AC:  8    Str: 17    XL:     5   Next: 8%
Magic:  7/7        EV:  9    Int: 14    God:
Gold:   129        SH:  0    Dex: 17    Spells: 0 memorised, 4 levels left

rFire  . . .     SeeInvis .     b - +0 falchion
rCold  . . .     Gourm    .     a - +2 scale mail
rNeg   + . .     Faith    .     (no shield)
rPois  +         Spirit   .     (no helmet)
rElec  .         Dismiss  .     (no cloak)
rCorr  .         Reflect  .     (no gloves)
SustAt +         Harm     .     (no boots)
MR     .....                    (no amulet)
Stlth  +.........               w - ring of poison resistance
                                k - ring of positive energy

@: not resistant to hostile enchantments, very unstealthy
A: high mp 1, sustain attributes
a: no special abilities


You were on level 3 of the Dungeon.
You were hungry.

You visited 1 branch of the dungeon, and saw 3 of its levels.

You collected 129 gold pieces.

Inventory:

Hand Weapons
 b - a +0 falchion (weapon)
 d - a +0 blowgun
Missiles
 c - 32 poisoned needles
 m - a throwing net (quivered)
Armour
 a - a +2 scale mail (worn)
Jewellery
 k - a ring of positive energy (left hand)
 w - a ring of poison resistance (right hand)
Wands
 s - a wand of lightning (13/15)
Scrolls
 j - a scroll of remove curse
Potions
 l - a potion of brilliance
 o - a potion of cancellation
 q - a potion of might
 r - a potion of agility
Comestibles
 f - 3 bread rations
 g - a beef jerky
 h - 2 meat rations
 i - a slice of pizza
 x - 2 chunks of flesh


   Skills:
 - Level 2.6 Fighting
 * Level 3.9 Long Blades
 + Level 2.7 Throwing
 - Level 2.6 Armour
 - Level 1.7 Stealth


You had 4 spell levels left.
You didn't know any spells.

Dungeon Overview and Level Annotations

Branches:
Dungeon (3/15)


Innate Abilities, Weirdness & Mutations

You have an increased reservoir of magic (+10% MP).
Your attributes are resistant to harm.


Message History

* * * LOW HITPOINT WARNING * * *
You closely miss something.
You hear some strange, mumbled words.
A puff of flame appears from out of thin air!
The puff of flame hits you!
* * * LOW HITPOINT WARNING * * *
You completely miss something. Something hits you.
* * * LOW HITPOINT WARNING * * *
You hit something but do no damage. Something hits you but does no damage.
You hit something.
You hear some strange, mumbled words.
A magic dart appears from out of thin air!
The magic dart hits you!
* * * LOW HITPOINT WARNING * * *
Something hits you but does no damage.
You hit something.
You hear some strange, mumbled words.
Something tries to affect you, but you resist.
You barely miss something. Something hits you.
You die...

#.# ###.#####...,.<.. *#.#
#..#........,,... *,.#
#.#.######.#**#.# *,**
#.#........* #.# *,*
#.#############.# *,* #.#
######...... *,* #.#
#..........#
*,***##########.####.####.#####
*,,,,........)@{..........# #
******#####..##...##.###### #
#..####.##.# # #.o# #.##.# #
#..# #.##.# # #.o####.##.# *
#..#.......#
#############..#.#####.#
...............#.# #.##########


There were no monsters in sight!

Vanquished Creatures
  An orc priest (D:3)
  4 gnolls
  6 adders
  3 giant geckos
  3 orcs (D:3)
  3 bats
  4 giant cockroaches (D:1)
  6 goblins
  8 hobgoblins
  2 ball pythons (D:3)
  3 giant newts
  5 kobolds
  5 rats
53 creatures vanquished.

Notes
Turn   | Place    | Note
--------------------------------------------------------------
     0 | D:1      | Banto the Demigod Wanderer began the quest for the Orb.
     0 | D:1      | Banto set off with: a +2 scale mail, a +0 falchion, 13 poisoned needles, a +0 blowgun, a +0 dagger, a bread ration
     0 | D:1      | Reached XP level 1. HP: 18/18 MP: 3/3
   248 | D:1      | Reached XP level 2. HP: 25/25 MP: 4/4
   673 | D:1      | Reached skill level 2 in Long Blades
   965 | D:1      | Reached XP level 3. HP: 13/30 MP: 5/5
  1440 | D:2      | Reached skill level 3 in Long Blades
  1592 | D:2      | Reached XP level 4. HP: 32/37 MP: 6/6
  2583 | D:3      | Reached XP level 5. HP: 22/42 MP: 7/7
  2606 | D:3      | Slain by an orc wizard

Vault maps used:
D:1:      lightli_molten_gateway
D:3:      first_bread, minmay_door_square

Skill      XL: |  1  2  3 |
---------------+----------+-----
Long Blades    | 2 3 |  3.9
Throwing       | 2 |  2.7
Fighting       | |  2.6
Armour         | |  2.6
Stealth        | |  1.7

Action                   |  1- 3 |  4- 6 || total
-------------------------+-------+-------++-------
Melee: Falchion          |   114 |   105 ||   219
  Use: Scroll            |     2 |     7 ||     9
  Eat: Chunk             |     2 |     3 ||     5
